 Dungeon Crawl Stone Soup version 0.30-a0-4-ga7cffc901d (webtiles) character file.

Game seed: 17891147738506790479

74 Setbun the Sneak (level 4, -2/25 HPs)
             Began as a Kobold Enchanter on Aug 20, 2022.
             Slain by an orc
             ... wielding a +0 club
              (4 damage)
             ... on level 2 of the Dungeon.
             The game lasted 00:01:06 (2062 turns).

Setbun the Sneak (Kobold Enchanter)                 Turns: 2062, Time: 00:01:07

Health: -2/25      AC:  2    Str:  5    XL:     4   Next: 52%
Magic:  7/7        EV: 15    Int: 16    God:
Gold:   104        SH:  0    Dex: 17    Spells: 8/8 levels left

rFire   . . .      SeeInvis .    g - +2 short sword (vamp)
rCold   . . .      Faith    .    (no shield)
rNeg    . . .      Spirit   .    b - +0 robe
rPois   .          Reflect  .    (no helmet)
rElec   .          Harm     .    (no cloak)
rCorr   .          Rampage  .    (no gloves)
Will    .....                    (no boots)
Stlth   ++........               (no amulet)
HPRegen 0.08/turn                (no ring)
MPRegen 0.10/turn                (no ring)

@: confused
A: small, no large weapons, nightstalker 3
a: no special abilities


You were on level 2 of the Dungeon.
You visited 1 branch of the dungeon, and saw 2 of its levels.

You collected 104 gold pieces.

Inventory:

Hand Weapons
 a - a +1 dagger
 g - a +2 vampiric short sword (weapon)
Armour
 b - a +0 robe (worn)
Wands
 k - a wand of mindburst (14)
Scrolls
 d - a scroll of torment {unknown}
 f - a scroll of enchant armour {unknown}
 i - a scroll of teleportation {unknown}
 j - a scroll of identify {unknown}
Potions
 c - 2 potions of invisibility
 e - a potion of flight {unknown}
 h - 2 potions of heal wounds {unknown}
 l - 2 potions of resistance {unknown}


   Skills:
 + Level 1.2 Fighting
 * Level 3.2 Short Blades
 + Level 3.0 Dodging
 + Level 4.5 Stealth
 + Level 2.6 Spellcasting
 + Level 3.2 Hexes


You had 8 spell levels left.
You didn't know any spells.
Your spell library contained the following spells:

 Spells                   Type           Power      Damage    Failure   Level
 Ensorcelled Hibernation  Hex/Ice        14%        N/A       16%         2
 Confusing Touch          Hex            12%        N/A       16%         3
 Tukima's Dance           Hex            12%        N/A       16%         3
 Sublimation of Blood     Necr           2%         N/A       30%         2
 Wereblood                Tmut           2%         N/A       30%         2
 Dazzling Flash           Conj/Hex       14%        N/A       30%         3
 Gell's Gravitas          Tloc           2%         N/A       52%         3
 Teleport Other           Tloc           2%         N/A       52%         3
 Dispersal                Tloc           1%         N/A       100%        6
 Summon Hydra             Summ           1%         N/A       100%        7


Dungeon Overview and Level Annotations

Branches:
Dungeon (2/15)

Altars:


Innate Abilities, Weirdness & Mutations

You are small and have problems with some larger weapons.
You are completely attuned to the shadows.


Message History

The orc wizard shouts!
The orc shouts!
You hit the orc but do no damage.
An orc comes into view. It is wielding a +0 hand axe.
The orc misses you.
You barely miss the orc wizard. The orc hits you with a +0 club.
The orc closely misses you.
You miss the orc wizard. The orc closely misses you.
The orc hits you with a +0 short sword.
An orc comes into view. It is wielding a +0 club.
The orc hits you with a +0 hand axe.
The orc wizard points at you and mumbles some strange words.
You are confused.
You are too confused!
You are too confused!
You are too confused!
You are too confused!
You are too confused!
You are too confused!
You are too confused!
You are too confused!
You are too confused!
You are too confused!
You are too confused!
You are too confused!
You are too confused!
Unknown command.
You bump into the rock wall.
The orc barely misses you. The orc completely misses you.
The orc hits you with a +0 club. The orc hits you with a +0 hand axe.
The orc wizard hits you with a +0 dagger.
* * * LOW HITPOINT WARNING * * *
The orc attacks as you move away! The orc barely misses you.
The orc attacks as you move away! The orc hits you with a +0 hand axe.
* * * LOW HITPOINT WARNING * * *
The orc misses you.
Unknown command.
Unknown command.
The orc hits you with a +0 club.
You die...

#.........###+
#####.######.. ..
###.## ##... ####'##
#....###....
#.....#....#.##.....
#..oo.#####...'.....
#....o#.8.##.##....)
#[ooo.'....'.###....
#..@o.#.8.#### ##...
#..!..##### ##..
#.....# ##'
##'####### #. ..
#....#### #.
##.#....# ##.
#....#.# ##..
#####....# #...
#.....#.## ##.#


You could see an orc wizard and 6 orcs.

Vanquished Creatures
  Jessica (D:2)
  An adder (D:2)
  A dart slug (D:1)
  6 endoplasms
  A giant cockroach (D:1)
  2 goblins (D:2)
  6 hobgoblins
  A quokka (D:1)
  6 ball pythons
  3 bats
  2 kobolds
  3 rats
33 creatures vanquished.

Notes
Turn   | Place    | Note
-------+----------+-------------------------------------------
     0 | D:1      | Setbun the Kobold Enchanter began the quest for the Orb.
     0 | D:1      | Reached XP level 1. HP: 10/10 MP: 3/3
   447 | D:1      | Reached XP level 2. HP: 16/16 MP: 5/5
   867 | D:1      | Reached XP level 3. HP: 19/20 MP: 6/6
  1512 | D:2      | Reached skill level 1 in Fighting
  1772 | D:2      | Noticed Jessica
  1776 | D:2      | Killed Jessica
  1777 | D:2      | Reached XP level 4. HP: 25/25 MP: 7/7
  1780 | D:2      | Found a faded altar of an unknown god.
  2056 | D:2      | Found the +1 Delatra's gloves {ID++}
  2061 | D:2      | HP: 1/25 [orc/+0 hand axe (5)]
  2062 | D:2      | Slain by an orc

Illustrated notes

Levels and vault maps discovered:
D:1:      dpeg_arrival_three_smaller_balls, layout_basic
D:2:      minmay_angry_zag, layout_loops_corners,
          shapermc_ecumenical_altar_mp_ritualfount, serial_bayou_pond_e,
          pf_guarded_unrand_delatra, uniq_jessica

Skill      XL: |  1  2  3  4 |
---------------+-------------+-----
Short Blades   | 2 3 |  3.2
Fighting       | 1 |  1.2
Dodging        | 3 |  3.0
Stealth        | |  4.5
Spellcasting   | |  2.6
Hexes          | |  3.2

Action                   |  1- 3 |  4- 6 || total
-------------------------+-------+-------++-------
Melee: Dagger            |    31 |       ||    31
       Short sword       |    19 |     5 ||    24
 Stab: Sleeping          |    21 |     2 ||    23
Armor: Robe              |     3 |       ||     3
Dodge: Dodged            |    20 |     8 ||    28

Table legend: (Time is in decaauts)
 A = Elapsed time spent in this place.
 B = Non-inter-level travel time spent in this place.
 C = Inter-level travel time spent in this place.
 D = Time resting spent in this place.
 E = Time spent auto-exploring this place.
 F = Levels seen in this place.
 G = Mean time per level.
                   A        B        C        D        E       F      G
               +--------+--------+--------+--------+--------+-----+--------+
         Total |   2057 |   2019 |     38 |      0 |   1826 |   2 | 1028.5 |
       Dungeon |   2057 |   2019 |     38 |      0 |   1826 |   2 | 1028.5 |
               +--------+--------+--------+--------+--------+-----+--------+

Top non-repeatable levels by time:
     D:2: 1047 daAuts
     D:1: 1010 daAuts
